 Seeded DCSS version 0.30-a0-1008-g30c9307041 (webtiles) character file.

Game seed: 14080597689618016214 (custom seed)

20517 GigaChad the Blocker (level 13, -16/107 HPs)
             Began as a Formicid Fighter on Apr 5, 2023.
             Was an Initiate of Gozag.
             Demolished by a death knight
             ... wielding a +0 battleaxe
              (21 damage)
             ... on level 12 of the Dungeon.
             The game lasted 00:26:54 (12498 turns).

GigaChad the Blocker (Formicid Fighter)            Turns: 12498, Time: 00:26:55

Health: -16/107    AC: 16    Str: 31    XL:     13   Next: 12%
Magic:  0/13       EV:  9    Int: 11    God:    Gozag
Gold:   3071       SH:  0    Dex: 16    Spells: 12/12 levels left

rFire   + . .      SeeInvis +    H - +1 battleaxe (freeze)
rCold   . . .      Faith    .    h - +0 tower shield of Contentment {rC+}
rNeg    . . .      Spirit   +    F - +0 swamp dragon scales
rPois   +          Reflect  .    (helmet unavailable)
rElec   +          Rampage  .    C - +0 cloak
rCorr   +                        (no gloves)
Will    +....                    L - +3 pair of boots of Generosity {rElec rCorr} Stlth
                                 g - amulet "Emizer" {Spirit rElec rPois rC-}
HPRegen 0.37/turn                M - ring "Cocvimye" {rF+ Int+2 Dex+3 SInv}
MPRegen 0.13/turn                u - +6 ring of strength

@: confused
A: permanent stasis, dig shafts and tunnels, antennae 3, four strong arms
a: Dig, Shaft Self, Renounce Religion, Potion Petition, Call Merchant, Bribe
Branch


You were on level 12 of the Dungeon.
You worshipped Gozag.
Gozag was most pleased with you.
You visited 2 branches of the dungeon, and saw 13 of its levels.

You collected 3239 gold pieces.
You paid 168 gold pieces to Gozag.

Inventory:

Hand Weapons
 a - a +0 war axe of draining
 E - a +1 war axe of flaming
 H - a +1 battleaxe of freezing (weapon)
Missiles
 z - 2 throwing nets
Armour
 b - a +0 scale mail
 c - a +0 buckler
 h - the +0 tower shield of Contentment (worn) {rC+}
   (You acquired it on level 1 of the Dungeon)

   rC:        It protects you from cold.
 q - a +0 chain mail
 C - a +0 cloak (worn)
 F - +0 swamp dragon scales (worn)
 I - a +0 plate armour
 L - the +3 pair of boots of Generosity (worn) {rElec rCorr}
   (You acquired it on level 8 of the Dungeon)

   rElec:     It insulates you from electricity.
   rCorr:     It protects you from acid and corrosion.
 O - a +4 plate armour of willpower
Jewellery
 g - the amulet "Emizer" (around neck) {Spirit rElec rPois rC-}
   (You acquired it in the Ecumenical Temple)

   [amulet of guardian spirit]

   It causes incoming damage to be divided between your reserves of health and
   magic.
   rC:        It makes you vulnerable to cold.
   rElec:     It insulates you from electricity.
   rPois:     It protects you from poison.
 l - a +4 ring of protection
 u - a +6 ring of strength (right hand)
 y - a ring of magical power
 G - a ring of wizardry
 M - the ring "Cocvimye" (left hand) {rF+ Int+2 Dex+3 SInv}
   (You took it off a skeletal warrior on level 12 of the Dungeon)

   [ring of protection from fire]

   Int:       It affects your intelligence (+2).
   Dex:       It affects your dexterity (+3).
   rF:        It protects you from fire.
   SInv:      It lets you see invisible.
Wands
 s - a wand of polymorph (9)
 K - a wand of paralysis (5)
 N - a wand of iceblast (5)
 P - a wand of digging (4)
Scrolls
 e - 11 scrolls of teleportation
 f - 8 scrolls of fog
 m - 2 scrolls of vulnerability
 n - 2 scrolls of poison
 o - 4 scrolls of immolation
 r - 3 scrolls of noise
 x - a scroll of summoning
 A - a scroll of blinking
 D - 9 scrolls of identify
 R - a scroll of fear {unknown}
 U - a scroll of magic mapping {unknown}
Potions
 d - 3 potions of might
 i - 2 potions of flight {unknown}
 j - 9 potions of curing
 k - 7 potions of brilliance {unknown}
 p - 5 potions of attraction {unknown}
 t - a potion of heal wounds
 v - a potion of ambrosia {unknown}
 w - 2 potions of lignification {unknown}
 B - 3 potions of mutation {unknown}
 J - a potion of resistance
 Q - a potion of degeneration {unknown}
 S - 2 potions of magic {unknown}


   Skills:
 * Level 11.8 Fighting
 + Level 12.6 Axes
 * Level 10.7 Armour
 - Level 0.7 Dodging
 - Level 0.3 Stealth
 + Level 13.1 Shields


You had 12 spell levels left.
You didn't know any spells.
Your spell library contained the following spells:

 Spells                   Type           Power      Damage    Failure   Level
 Slow                     Hex            0%         N/A       82%         1
 Sting                    Tmut/Pois      0%         1d3       82%         1
 Lesser Beckoning         Tloc           0%         N/A       91%         2
 Poisonous Vapours        Pois/Air       0%         N/A       91%         2
 Confusing Touch          Hex            0%         N/A       99%         3
 Gell's Gravitas          Tloc           0%         N/A       99%         3
 Teleport Other           Tloc           0%         N/A       99%         3
 Vampiric Draining        Necr           0%         2d6       99%         3
 Anguish                  Hex/Necr       0%         N/A       100%        4
 Olgreb's Toxic Radiance  Pois           0%         N/A       100%        4
 Passage of Golubria      Tloc           0%         N/A       100%        4
 Silence                  Hex/Air        0%         N/A       100%        5
 Enfeeble                 Hex            0%         N/A       100%        7
 Lehudib's Crystal Spear  Conj/Erth      0%         10d2      100%        8


Dungeon Overview and Level Annotations

Branches:
Dungeon (12/15)            Temple (1/1) D:6            Lair (0/5) D:10
    Orc (0/2) D:11

Altars:
Ashenzari
Cheibriados
Elyvilon
Gozag
Kikubaaqudgha
Makhleb
Nemelex Xobeh
Okawaru
Ru
Trog
Uskayaw
Wu Jian
Xom
Yredelemnul
Zin

Shops:
D:6 [:*   D:9 =   D:11 [

Annotations:
D:9 1 runed translucent door, DelvingFriendo's ghost, novice TrMo


Innate Abilities, Weirdness & Mutations

You cannot be hasted, slowed, berserked, paralysed or teleported.
You can dig through walls and to a lower floor.
You have a pair of large antennae on your head. (SInv)
Your four strong arms can wield two-handed weapons with a shield.


Message History

The golden eye blinks!
The tengu reaver shouts!
Unknown command.
Unknown command.
Unknown command.
Unknown command.
Unknown command.
Unknown command.
Unknown command.
Unknown command.
Unknown command.
Unknown command.
You slash the fire giant! You freeze the fire giant.
The fire giant is lightly wounded.
The death knight is no longer distracted by gold.
The golden eye blinks at you.
You are more confused.
The fire giant closely misses you.
A tarantella comes into view.
A fire giant comes into view.
It is wielding a +2 great sword of flaming.
The fire giant hits you with a +2 great sword of flaming!!
* * * LOW HITPOINT WARNING * * *
The fire giant burns you.
* * * LOW HITPOINT WARNING * * *
The acid dragon bites you but does no damage.
The acid dragon claws you but does no damage.
Unknown command.
Unknown command.
You bump into the rock wall.
The tarantella's many legs skitter faintly.
The tengu reaver is no longer distracted by gold.
The tarantella changes into a cane toad!
The golden eye blinks at you. You resist with some effort.
The fire giant gestures at you while chanting.
The bolt of fire hits you!! You resist.
* * * LOW HITPOINT WARNING * * *
The death knight hits you with a +0 battleaxe!!
You die...
Your body crumbles into a pile of gold.

{ #....## { #....#.
#....#. $ ##....#. {
#.....#. { ##.....##
###......#
##############........#


$$$$ ...QG.D@p............## $ $$$$ F..ยง..C...$..........# $$$$
.Q..................## $$$$ .C................### ################### You could
see 2 fire giants, 2 tengu reavers, a death knight, a cane toad shaped shifter,
an acid dragon and a golden eye.

Vanquished Creatures
  A centaur warrior (D:12)
  A boulder beetle (D:11)
  2 two-headed ogres
  A skeletal warrior (D:12)
  Pikel (D:5)
  2 deep elf pyromancers (D:12)
  3 ugly things
  5 cyclopes (D:12)
  A manticore (D:10)
  Maurice (D:9)
  3 unseen horrors
  Maggie (D:7)
  3 kobold demonologists (D:12)
  A troll (D:11)
  A meliai (shapeshifter) (D:12)
  A hornet (D:9)
  Grinder (D:5)
  2 vampires
  Sigmund (D:2)
  3 shadows
  A spriggan (shapeshifter) (D:12)
  12 yaks
  3 wraiths (D:12)
  A steam dragon (D:8)
  Grum (D:8)
  9 vampire mosquitoes
  2 acid dragons
  Edmund (D:5)
  2 water moccasins (D:10)
  7 orc warriors
  2 ice beasts
  4 ogres
  2 black bears
  3 wolves (D:8)
  6 centaurs
  5 kobold brigands
  2 lemures (D:5)
  A phantom (D:6)
  9 bullfrogs
  A gnoll sergeant (D:8)
  5 scorpions
  5 wights (D:10)
  3 killer bees (D:9)
  4 howler monkeys
  8 orc priests
  6 hounds
  A jelly (D:8)
  4 iguanas
  3 sleepcaps
  Ijyb (D:3)
  3 orc wizards
  7 gnolls
  6 adders
  2 white imps
  An ufetubus (D:6)
  3 worms
  7 dart slugs
  38 orcs
  4 endoplasms
  3 giant cockroaches
  4 hobgoblins (D:2)
  9 jackals
  8 quokkas
  13 ball pythons
  2 bats (D:2)
  4 frilled lizards
  10 goblins
  35 kobolds
  8 rats
  A spectral orc (D:6)
317 creatures vanquished.

Vanquished Creatures (others)
  25 fungi (D:10)
  40 plants (D:10)
65 creatures vanquished.

Grand Total: 382 creatures vanquished

Notes
Turn   | Place    | Note
-------+----------+-------------------------------------------
     0 | D:1      | GigaChad the Formicid Fighter began the quest for the Orb.
     0 | D:1      | Reached XP level 1. HP: 18/18 MP: 1/1
   164 | D:1      | Reached XP level 2. HP: 24/24 MP: 2/2
   424 | D:1      | Identified a scroll of acquirement
   424 | D:1      | Acquired the +0 tower shield of Contentment {rC+}
   546 | D:1      | Reached XP level 3. HP: 28/29 MP: 3/3
  1097 | D:2      | Reached XP level 4. HP: 37/37 MP: 4/4
  1144 | D:2      | Noticed Sigmund
  1164 | D:2      | Killed Sigmund
  1165 | D:2      | Reached skill level 5 in Shields
  1165 | D:2      | Reached XP level 5. HP: 5/42 MP: 5/5
  1165 | D:2      | Reached XP level 6. HP: 6/48 MP: 6/6
  1884 | D:2      | Acquired 405 gold pieces
  2133 | D:3      | Noticed Ijyb
  2146 | D:3      | Killed Ijyb
  2196 | D:3      | Found a faded altar of an unknown god.
  2802 | D:4      | Found an iron altar of Okawaru.
  2806 | D:4      | Reached XP level 7. HP: 55/55 MP: 7/7
  2921 | D:4      | Reached skill level 6 in Shields
  2922 | D:4      | Reached skill level 5 in Axes
  3157 | D:4      | Reached skill level 5 in Fighting
  3157 | D:4      | Reached skill level 5 in Armour
  3474 | D:4      | Found a snail-covered altar of Cheibriados.
  3483 | D:4      | Reached XP level 8. HP: 62/62 MP: 8/8
  3675 | D:5      | Entered Level 5 of the Dungeon
  3711 | D:5      | Noticed Grinder
  3760 | D:5      | Killed Grinder
  4172 | D:5      | Reached skill level 7 in Shields
  4341 | D:5      | Noticed Edmund
  4362 | D:5      | Killed Edmund
  4452 | D:5      | Reached XP level 9. HP: 33/69 MP: 9/9
  4849 | D:5      | Noticed Pikel
  4869 | D:5      | Killed Pikel
  4870 | D:5      | Reached skill level 8 in Shields
  5105 | D:6      | Found Deogor's General Store.
  5172 | D:6      | Found a staircase to the Ecumenical Temple.
  5196 | Temple   | Entered the Ecumenical Temple
  5197 | Temple   | Acquired the amulet "Emizer" {Spirit rElec rPois rC-}
  5312 | Temple   | Became a worshipper of Gozag Ym Sagoz the Greedy
  5632 | D:6      | Found Gaharuf's Book Shop.
  5679 | D:6      | Found Sachiv's Armour Shop.
  6111 | D:6      | Found a basalt altar of Yredelemnul.
  6288 | D:7      | Noticed Maggie
  6302 | D:7      | Killed Maggie
  6303 | D:7      | Reached skill level 9 in Shields
  6303 | D:7      | Reached XP level 10. HP: 26/79 MP: 2/10
  6741 | D:7      | Found an ornate altar of the Wu Jian Council.
  7722 | D:8      | Noticed Grum
  7746 | D:8      | Killed Grum
  7747 | D:8      | Reached XP level 11. HP: 44/87 MP: 6/11
  7772 | D:8      | Acquired the +3 pair of boots of Generosity {rElec rCorr}
  8006 | D:8      | Found a sacrificial altar of Ru.
  8214 | D:8      | Reached skill level 10 in Shields
  8367 | D:8      | Found a broken altar of Ashenzari.
  8539 | D:9      | Found a runed translucent door.
  8539 | D:9      | Noticed DelvingFriendo's ghost (novice TrMo)
  8662 | D:9      | Found Bunaqun's Jewellery Shoppe.
  8679 | D:9      | Reached skill level 10 in Axes
  9109 | D:9      | Found a hide-covered altar of Uskayaw.
  9158 | D:9      | Noticed Maurice
  9170 | D:9      | Killed Maurice
  9400 | D:10     | Entered Level 10 of the Dungeon
  9400 | D:10     | Found a staircase to the Lair.
  9455 | D:10     | Reached skill level 11 in Shields
  9540 | D:10     | Noticed a manticore
  9549 | D:10     | Killed a manticore
  9614 | D:10     | Noticed a two-headed ogre
  9623 | D:10     | Killed a two-headed ogre
 10022 | D:10     | Found a white marble altar of Elyvilon.
 10456 | D:10     | Found an ancient bone altar of Kikubaaqudgha.
 10499 | D:11     | Reached skill level 10 in Fighting
 10554 | D:11     | Found Nameulu's Armour Shop.
 10554 | D:11     | Found a staircase to the Orcish Mines.
 10650 | D:11     | Noticed a green ugly thing
 10657 | D:11     | Killed a green ugly thing
 10658 | D:11     | Reached XP level 12. HP: 97/97 MP: 12/12
 10682 | D:11     | Noticed a boulder beetle
 10695 | D:11     | Killed a boulder beetle
 11298 | D:12     | Reached skill level 12 in Shields
 11520 | D:12     | Reached skill level 10 in Armour
 11604 | D:12     | Noticed a two-headed ogre
 11605 | D:12     | Noticed a centaur warrior
 11617 | D:12     | Killed a two-headed ogre
 11620 | D:12     | Killed a centaur warrior
 11877 | D:12     | Reached XP level 13. HP: 48/106 MP: 5/13
 11926 | D:12     | Reached skill level 13 in Shields
 12195 | D:12     | Identified the ring "Cocvimye" {rF+ Int+2 Dex+3 SInv}
 12493 | D:12     | Noticed a fire giant
 12496 | D:12     | Noticed a tengu reaver
 12496 | D:12     | Noticed a tengu reaver
 12497 | D:12     | Noticed a fire giant
 12498 | D:12     | HP: 5/107 [fire giant/bolt of fire (18)]
 12498 | D:12     | Demolished by a death knight

Illustrated notes

Levels and vault maps discovered:
D:1:      lemuel_arrival_rhombus, layout_basic
D:2:      layout_loops_ring, uniq_sigmund
D:3:      kennysheep_the_goblin_king, layout_basic,
          dreamdust_ecumenical_altar_angels_and_demons, corner_web_ring
D:4:      layout_loops_cross, okawaru_trees_2, overflow_temple_1_default,
          minmay_divided_ellipse
D:5:      layout_loops_cross, grunt_tough_drop, uniq_ijyb, uniq_edmund,
          uniq_pikel, uniq_grinder
D:6:      layout_loops_corners, yredelemnul_forgotten_temple_becter,
          minmay_temple_entry_tees, serial_shops, nicolae_shop_behind_doors,
          nicolae_take_the_stairs, nicolae_shop_waterfront, minivault_23
D:7:      layout_basic, nzn_wu_jian_contemplation, amcnicky_mini_pool_small,
          uniq_maggie
D:8:      layout_basic, amcnicky_altar_gilded, lemuel_tele_altar, uniq_grum
D:9:      layout_basic, nicolae_uskayaw_dance_studio, ebering_ghost_inner_flame,
          serial_shops, nicolae_shop_trees, uniq_maurice
D:10:     layout_stronghold, mainiacjoe_overflow_swirl,
          due_lair_maze_entry_diamond
D:11:     layout_rooms, orc_david_3
D:12:     minmay_nested_s, layout_loops_ring, portal_ice_cave_entry_pillars_1
Temple:   nicolae_temple_figure_eight

Skill      XL: |  1  2  3  4  5  6  7  8  9 10 11 12 13 |
---------------+----------------------------------------+-----
Fighting       | 4 5 6 7 8 10 11 | 11.8
Axes           | 3 4 5 6 8 9 11 12 | 12.6
Armour         | 4 5 6 7 8 9 10 | 10.7
Shields        | 5 6 7 9 11 12 13 | 13.1
Dodging        | |  0.7
Stealth        | |  0.3

Action                     |  1- 3 |  4- 6 |  7- 9 | 10-12 | 13-15 || total
---------------------------+-------+-------+-------+-------+-------++-------
  Melee: War axe           |    99 |    94 |   257 |   506 |    25 ||   981
         Battleaxe         |       |       |       |       |    16 ||    16
Ability: Dig               |       |       |     1 |     1 |       ||     2
    Use: Scroll            |     1 |     5 |     7 |     4 |       ||    17
         Potion            |       |       |     2 |     1 |       ||     3
   Stab: Distracted        |       |       |       |     2 |       ||     2
 Armour: Scale mail        |    40 |    11 |       |       |       ||    51
         Chain mail        |       |    35 |   139 |       |       ||   174
         Swamp dragon scal |       |       |       |   230 |    22 ||   252
  Dodge: Dodged            |    30 |    18 |    62 |   153 |    14 ||   277
  Block: Buckler           |    10 |       |       |       |       ||    10
         Tower shield      |    47 |    83 |   218 |   506 |    40 ||   894

Table legend: (Time is in decaauts)
 A = Elapsed time spent in this place.
 B = Non-inter-level travel time spent in this place.
 C = Inter-level travel time spent in this place.
 D = Time resting spent in this place.
 E = Time spent auto-exploring this place.
 F = Levels seen in this place.
 G = Mean time per level.
                   A        B        C        D        E       F      G
               +--------+--------+--------+--------+--------+-----+--------+
         Total |  12811 |  12486 |    325 |   2117 |   7443 |  13 |  985.5 |
       Dungeon |  12666 |  12375 |    291 |   2117 |   7350 |  12 | 1055.5 |
        Temple |    144 |    110 |     34 |      0 |     93 |   1 |  144.0 |
               +--------+--------+--------+--------+--------+-----+--------+

Top non-repeatable levels by time:
     D:5: 1470 daAuts
    D:12: 1442 daAuts
     D:8: 1436 daAuts
     D:2: 1357 daAuts
    D:10: 1092 daAuts
     D:6: 963 daAuts
     D:7: 941 daAuts
     D:4: 915 daAuts
     D:9: 903 daAuts
     D:1: 839 daAuts
     D:3: 700 daAuts
    D:11: 603 daAuts
  Temple: 144 daAuts
